 Dungeon Crawl Stone Soup version 0.18.1-48-g4cf74bf (webtiles) character file.

140 tagomago the Poker (level 5, -2/39 HPs)
             Began as a Merfolk Gladiator on July 20, 2016.
             Killed from afar by Sigmund (7 damage)
             ... with a puff of flame
             ... on level 3 of the Dungeon.
             The game lasted 00:05:29 (2668 turns).

tagomago the Poker (Merfolk Gladiator)              Turns: 2668, Time: 00:05:30

Health: -2/39      AC:  4    Str: 15    XL:     5   Next: 22%
Magic:  5/5        EV: 14    Int:  8    God:
Gold:   96         SH:  0    Dex: 15    Spells: 0 memorised, 4 levels left

rFire  . . .     SeeInvis .     a - +0 trident
rCold  . . .     Gourm    .     b - +0 leather armour
rNeg   . . .     Faith    .     (no shield)
rPois  .         Spirit   .     c - +0 helmet
rElec  .         Dismiss  .     (no cloak)
rCorr  .         Reflect  .     (no gloves)
SustAt .         Harm     .     (no boots)
MR     .....                    (no amulet)
Stlth  +.........               (no ring)
                                (no ring)

@: not resistant to hostile enchantments, very unstealthy
A: change form in water, swift swim
a: no special abilities


You were on level 3 of the Dungeon.
You were not hungry.

You visited 1 branch of the dungeon, and saw 3 of its levels.

You collected 96 gold pieces.

Inventory:

Hand Weapons
 a - a +0 trident (weapon)
Missiles
 d - a throwing net (quivered)
Armour
 b - a +0 leather armour (worn)
 c - a +0 helmet (worn)
Wands
 o - a wand of lightning (5/15)
Scrolls
 h - a scroll of identify {unknown}
 j - 3 scrolls of teleportation {unknown}
 k - a scroll of recharging {unknown}
 l - 3 scrolls of remove curse {unknown}
 m - a scroll of fear {unknown}
 n - a scroll of enchant armour {unknown}
Potions
 e - a potion of magic {unknown}
 i - a potion of might {unknown}
 p - a potion of curing {unknown}
 q - a potion of agility {unknown}
Comestibles
 f - a bread ration
 g - a meat ration


   Skills:
 - Level 2.7 Fighting
 + Level 6.6 Polearms
 - Level 2.1 Throwing
 - Level 1.0 Armour
 - Level 4.9 Dodging
 - Level 0.5 Stealth


You had 4 spell levels left.
You didn't know any spells.

Dungeon Overview and Level Annotations

Branches:
Dungeon (3/15)

Altars:

Annotations:
D:3 Sigmund


Message History

You bump into the rock wall.
You feel less confused.
Something wriggles in the net.
You hit something.
Something wriggles in the net.
All of a sudden the net rips apart!
You puncture something! Something barely misses you.
You barely miss something. You hit something. Something hits you!
You miss something. Something hits you!
You closely miss something. You barely miss something. Something hits you.
* * * LOW HITPOINT WARNING * * *
You barely miss something. Something hits you.
* * * LOW HITPOINT WARNING * * *
You barely miss something. You barely miss something.
You hear some strange, mumbled words.
A puff of flame appears from out of thin air!
The puff of flame hits you!
You die...

#.# #.#.....##
#.#.#####.#.....##
#.# #.....#.....##
#.# #.#####.....##
#.# #.# #.....##
#^# #.#######.....
#K# #.#...........
#{# #.#.##########
#@#.#.#.#
#.#.#.#.# ####
#.#...#.# #...
#.###.#.#######.##
#.#...#.........#
#.....###########
###.### #.# #.#


You could see a kobold.

Vanquished Creatures
  An orc priest (D:3)
  Ijyb (D:2)
  3 adders (D:3)
  3 dart slugs
  4 giant geckos
  3 orcs (D:3)
  A ball python (D:3)
  6 bats
  5 giant cockroaches
  4 hobgoblins
  5 giant newts
  3 goblins (D:1)
  6 kobolds
  4 rats
49 creatures vanquished.

Notes
Turn   | Place    | Note
--------------------------------------------------------------
     0 | D:1      | tagomago the Merfolk Gladiator began the quest for the Orb.
     0 | D:1      | Reached XP level 1. HP: 16/16 MP: 1/1
   120 | D:1      | Reached XP level 2. HP: 22/22 MP: 2/2
   656 | D:2      | Reached skill level 5 in Polearms
   713 | D:2      | Reached XP level 3. HP: 28/28 MP: 3/3
   974 | D:2      | Noticed Ijyb
   990 | D:2      | Killed Ijyb
  1325 | D:2      | Reached XP level 4. HP: 34/34 MP: 4/4
  1920 | D:3      | Reached skill level 1 in Armour
  2380 | D:3      | Reached skill level 6 in Polearms
  2380 | D:3      | Reached XP level 5. HP: 39/39 MP: 5/5
  2643 | D:3      | Noticed Sigmund
  2668 | D:3      | Killed from afar by Sigmund

Skill      XL: |  1  2  3  4 |
---------------+-------------+-----
Polearms       | 5 6 |  6.6
Armour         | 1 |  1.0
Fighting       | |  2.7
Throwing       | |  2.1
Dodging        | |  4.9
Stealth        | |  0.5

Action                   |  1- 3 |  4- 6 || total
-------------------------+-------+-------++-------
Melee: Trident           |    83 |    86 ||   169
Throw: Throwing net      |       |     2 ||     2
 Stab: Sleeping          |       |     2 ||     2
  Eat: Chunk             |     1 |       ||     1
       Bread ration      |       |     1 ||     1
Armor: Leather armour    |    25 |    14 ||    39
Dodge: Dodged            |    46 |    44 ||    90
